Workbook

Sheet Лист1
A1: Товарные позиции, экспортируемые предприятиями Брестской области
A2: Товарная позиция | B2: код ТН ВЭД | C2: Наименование товарной субпозиции
A3: =LEFT(B3,4) -> 0102 | B3: 0102213000 | C3: =VLOOKUP(B3,[1]Лист6!A:B,2,FALSE) -> ДОМАШНИЙ КРУПНЫЙ РОГАТЫЙ СКОТ ЖИВОЙ, ЧИСТОПОРОДНЫЕ ПЛЕМЕННЫЕ ЖИВОТНЫЕ: КОРОВЫ
B4: 0102219000 | C4: =VLOOKUP(B4,[1]Лист6!A:B,2,FALSE) -> КРУПНЫЙ РОГАТЫЙ СКОТ ЖИВОЙ, ЧИСТОПОРОДНЫЕ ПЛЕМЕННЫЕ ЖИВОТНЫЕ: ПРОЧИЕ
A5: =LEFT(B5,4) -> 0201 | B5: 0201202008 | C5: =VLOOKUP(B5,[1]Лист6!A:B,2,FALSE) -> "КОМПЕНСИРОВАННЫЕ" ЧЕТВЕРТИНЫ КРУПНОГО РОГ.СКОТА, НЕОБВАЛ.СВЕЖИЕ ИЛИ ОХЛАЖД., ПРОЧИЕ
B6: 0201203008 | C6: =VLOOKUP(B6,[1]Лист6!A:B,2,FALSE) -> НЕРАЗДЕЛЕН. ИЛИ РАЗДЕЛЕН.ПЕРЕДНИЕ ЧЕТВЕРТ.КРУПНОГО РОГ.СКОТА,НЕОБВАЛ. СВЕЖИЕ ИЛИ ОХЛАЖД., ПРОЧИЕ
B7: 0201205008 | C7: =VLOOKUP(B7,[1]Лист6!A:B,2,FALSE) -> НЕРАЗДЕЛЕН.ИЛИ РАЗДЕЛЕН.ЗАДНИЕ ЧЕТВЕРТ.КРУПН.РОГАТОГО СКОТА, НЕОБВАЛ., СВЕЖИЕ ИЛИ ОХЛАЖД., ПРОЧИЕ
B8: 0201300008 | C8: =VLOOKUP(B8,[1]Лист6!A:B,2,FALSE) -> ПРОЧЕЕ МЯСО КРУПНОГО РОГАТОГО СКОТА СВЕЖЕЕ ИЛИ ОХЛАЖДЕННОЕ ОБВАЛЕННОЕ, ПРОЧЕЕ
A9: =LEFT(B9,4) -> 0202 | B9: 0202100008 | C9: =VLOOKUP(B9,[1]Лист6!A:B,2,FALSE) -> ТУШИ И ПОЛУТУШИ КРУПНОГО РОГАТОГО СКОТА МОРОЖЕНЫЕ, ПРОЧИЕ
B10: 0202201008 | C10: =VLOOKUP(B10,[1]Лист6!A:B,2,FALSE) -> ПРОЧИЕ "КОМПЕНСИРОВАННЫЕ" ЧЕТВЕРТИНЫ МЯСА КРУПНОГО РОГАТОГО СКОТА, МОРОЖЕНЫЕ, НЕОБВАЛЕННЫЕ, ПРОЧИЕ
B11: 0202203008 | C11: =VLOOKUP(B11,[1]Лист6!A:B,2,FALSE) -> ПРОЧИЕ НЕРАЗДЕЛЕННЫЕ ИЛИ РАЗДЕЛЕННЫЕ ЧЕТВЕРТИНЫ МЯСА КРУПНОГО РОГАТОГО СКОТА, МОРОЖЕНЫЕ, НЕОБВАЛЕННЫЕ, ПРОЧИЕ
B12: 0202205008 | C12: =VLOOKUP(B12,[1]Лист6!A:B,2,FALSE) -> НЕРАЗДЕЛЕН. ИЛИ РАЗДЕЛЕН.ЗАДНИЕ ЧЕТВЕРТИНЫ КРУПНОГО РОГАТОГО СКОТА, МОРОЖЕНЫЕ, НЕОБВАЛЕННЫЕ, ПРОЧИЕ
B13: 0202209008 | C13: =VLOOKUP(B13,[1]Лист6!A:B,2,FALSE) -> ПРОЧИЕ ОТРУБА КРУПНОГО РОГАТОГО СКОТА, НЕОБВАЛЕННЫЕ, МОРОЖЕНЫЕ
B14: 0202305008 | C14: =VLOOKUP(B14,[1]Лист6!A:B,2,FALSE) -> ПРОЧИЕ ОТРУБА, ЛОПАТКА И ШЕЙНО-ЛОПАТОЧНАЯ ЧАСТЬ И ГРУДИНКА, ОБВАЛЕННЫЕ, МОРОЖЕНЫЕ
B15: 0202309008 | C15: =VLOOKUP(B15,[1]Лист6!A:B,2,FALSE) -> ОТРУБА, ЛОПАТКА И ШЕЙНО-ЛОПАТОЧНАЯ ЧАСТЬ И ГРУДИНКА, ОБВАЛЕННЫЕ, МОРОЖЕНЫЕ, ПРОЧИЕ
A16: =LEFT(B16,4) -> 0206 | B16: 0206210000 | C16: =VLOOKUP(B16,[1]Лист6!A:B,2,FALSE) -> ЯЗЫКИ КРУПНОГО РОГАТОГО СКОТА, МОРОЖЕНЫЕ
B17: 0206220009 | C17: =VLOOKUP(B17,[1]Лист6!A:B,2,FALSE) -> ПРОЧИЕ ПЕЧЕНЬ КРУПНОГО РОГАТОГО СКОТА, МОРОЖЕННАЯ
B18: 0206299900 | C18: =VLOOKUP(B18,[1]Лист6!A:B,2,FALSE) -> ПРОЧИЕ ПИЩЕВЫЕ СУБПРОДУКТЫ КРУПНОГО РОГАТОГО СКОТА, МОРОЖЕНЫЕ ДЛЯ ПРОИЗВОДСТВА ФАРМАЦЕВТИЧЕСКОЙ ПРОДУКЦИИ
A19: =LEFT(B19,4) -> 0207 | B19: 0207119009 | C19: =VLOOKUP(B19,[1]Лист6!A:B,2,FALSE) -> ПРОЧИЕ, ОЩИПАННЫЕ И ПОТРОШЕНЫЕ, БЕЗ ГОЛОВЫ И ПЛЮСЕН НОГ И БЕЗ ШЕЙКИ, СЕРДЦА, ПЕЧЕНИ, И МУСКУЛЬНОГО ЖЕЛУДКА, ПРЕДСТАВЛЕННЫЕ КАК "65%-НЫЕ ЦЫПЛЯТА",...НЕ РАЗДЕЛАННЫЕ НА ЧАСТИ, СВЕЖИЕ ИЛИ ОХЛАЖДЕННЫЕ
B20: 0207129009 | C20: =VLOOKUP(B20,[1]Лист6!A:B,2,FALSE) -> ПРОЧИЕ ОЩИПАННЫЕ И ПОТРОШЕНЫЕ, БЕЗ ГОЛОВЫ И ПЛЮСЕН НОГ И БЕЗ ШЕЙКИ, СЕРДЦА, ПЕЧЕНИ И МУСКУЛЬНОГО ЖЕЛУДКА, ПРЕДСТАВЛЕННЫЕ КАК "65%-НЫЕ ЦЫПЛЯТА",ИЛИ ПРЕДСТАВЛЕННЫЕ В КАКОЙ-ЛИБО ДРУГОЙ РАЗДЕЛКЕ
B21: 0207131009 | C21: =VLOOKUP(B21,[1]Лист6!A:B,2,FALSE) -> ПРОЧИЕ ОБВАЛЕННЫЕ ЧАСТИ ТУШЕК КУР ДОМАШНИХ, СВЕЖИЕ ИЛИ ОХЛАЖДЕННЫЕ
B22: 0207135009 | C22: =VLOOKUP(B22,[1]Лист6!A:B,2,FALSE) -> ПРОЧИЕ ГРУДКИ И КУСКИ ИЗ НИХ, СВЕЖИЕ ИЛИ ОХЛАЖДЕННЫЕ, НЕОБВАЛЕННЫЕ, ДОМАШНИХ КУР ВИДА GALLUS DOMESTICUS
B23: 0207141009 | C23: =VLOOKUP(B23,[1]Лист6!A:B,2,FALSE) -> ПРОЧИЕ ЧАСТИ ТУШЕК, ОБВАЛЕННЫЕ, МОРОЖЕНЫЕ, ДОМАШНИХ КУР ВИДА GALLUS DOMESTICUS
B24: 0207142009 | C24: =VLOOKUP(B24,[1]Лист6!A:B,2,FALSE) -> ПРОЧИЕ НЕОБВАЛЕННЫЕ ПОЛОВИНЫ ИЛИ ЧЕТВЕРТИНЫ, МОРОЖЕНЫЕ, ДОМАШНИХ КУР ВИДА GALLUS DOMESTICUS
B25: 0207143009 | C25: =VLOOKUP(B25,[1]Лист6!A:B,2,FALSE) -> ПРОЧИЕ КРЫЛЬЯ ЦЕЛЬНЫЕ, С ТОНКИМ КОНЦОМ ИЛИ БЕЗ НЕГО, НЕОБВАЛЕННЫЕ, МОРОЖЕНЫЕ, ДОМАШНИХ КУР ВИДА GALLUS DOMESTICUS
B26: 0207144009 | C26: =VLOOKUP(B26,[1]Лист6!A:B,2,FALSE) -> ПРОЧИЕ СПИНКИ, ШЕЙКИ, СПИНКИ ВМЕСТЕ С ШЕЙКОЙ, ГУЗКИ И ТОНКИЕ КОНЦЫ КРЫЛЬЕВ,НЕОБВАЛЕННЫЕ, МОРОЖЕННЫЕ, ДОМАШНИХ КУР ВИДА GALLUS DOMESTICUS
B27: 0207145009 | C27: =VLOOKUP(B27,[1]Лист6!A:B,2,FALSE) -> ПРОЧИЕ ГРУДКИ И КУСКИ ИЗ НИХ, НЕОБВАЛЕННЫЕ, МОРОЖЕННЫЕ, ДОМАШНИХ КУР ВИДА GALLUS DOMESTICUS
B28: 0207146009 | C28: =VLOOKUP(B28,[1]Лист6!A:B,2,FALSE) -> ПРОЧИЕ НОЖКИ И КУСКИ ИЗ НИХ, НЕОБВАЛЕННЫЕ, МОРОЖЕННЫЕ, ДОМАШНИХ КУР ВИДА GALLUS DOMESTICUS
B29: 0207147009 | C29: =VLOOKUP(B29,[1]Лист6!A:B,2,FALSE) -> ПРОЧИЕ НЕОБВАЛЕННЫЕ ЧАСТИ ТУШЕК, МОРОЖЕНЫЕ, ДОМАШИХ КУР ВИДА GALLUS DOMESTICUS
B30: 0207149109 | C30: =VLOOKUP(B30,[1]Лист6!A:B,2,FALSE) -> ПРОЧАЯ ПЕЧЕНЬ, МОРОЖЕНАЯ, ДОМАШНИХ КУР ВИДА GALLUS DOMESTICUS
B31: 0207149909 | C31: =VLOOKUP(B31,[1]Лист6!A:B,2,FALSE) -> ПРОЧИЕ СУБПРОДУКТЫ, МОРОЖЕНЫЕ, ДОМАШНИХ КУР ВИДА GALLUS DOMESTICUS
A32: =LEFT(B32,4) -> 0209 | B32: 0209101100 | C32: =VLOOKUP(B32,[1]Лист6!A:B,2,FALSE) -> ПОКОЖНЫЙ СВИНОЙ ЖИР, СВЕЖИЙ, ОХЛАЖДЕННЫЙ, ЗАМОРОЖЕННЫЙ, СОЛЕНЫЙ ИЛИ В РАССОЛЕ
B33: 0209900000 | C33: =VLOOKUP(B33,[1]Лист6!A:B,2,FALSE) -> ПРОЧИЙ ЖИР
A34: =LEFT(B34,4) -> 0210 | B34: 0210121100 | C34: =VLOOKUP(B34,[1]Лист6!A:B,2,FALSE) -> ГРУДИНКИ (С ПРОСЛОЙКАМИ) И ОТРУБА ИЗ НИХ, ДОМАШНИХ СВИНЕЙ, СОЛЕНЫЕ ИЛИ В РАССОЛЕ
A35: =LEFT(B35,4) -> 0301 | B35: 0301930000 | C35: =VLOOKUP(B35,[1]Лист6!A:B,2,FALSE) -> КАРП ЖИВОЙ (CYPRINUS SPP., CARASSIUS SPP., CTENOPHARYNGODON IDELLUS, HYPOPHTHALMICHTHYS SPP., CIRRHINUS SPP., MYLOPHARYNGODON PICEUS, CATLA CATLA, LABEO SPP., OSTEOCHILUS HASSELTI, LEPTOBARBUS HOEVENI, MEGALOBRAMA SPP.)
B36: 0301991820 | C36: =VLOOKUP(B36,[1]Лист6!A:B,2,FALSE) -> ПРОЧАЯ ЖИВАЯ ПРЕСНОВОДНАЯ РЫБА: ПРОЧИЕ ОСЕТРОВЫЕ
A37: =LEFT(B37,4) -> 0303 | B37: 0303149000 | C37: =VLOOKUP(B37,[1]Лист6!A:B,2,FALSE) -> ПРОЧАЯ ФОРЕЛЬ (SALMO TRUTTA, ONCORHYNCHUS MYKISS, ONCORHYNCHUS CLARKI, ONCORHYNCHUS AGUABONITA, ONCORHYNCHUS GILAE, ONCORHYNCHUS APACHE И ONCORHYNCHUS CHRYSOGASTER), МОРОЖЕНАЯ
B38: 0303990002 | C38: =VLOOKUP(B38,[1]Лист6!A:B,2,FALSE) -> ПЕЧЕНЬ, ИКРА, МОЛОКИ, ПЛАВНИКИ, ГОЛОВЫ, ХВОСТЫ, ПЛАВАТЕЛЬНЫЕ ПУЗЫРИ И ПРОЧИЕ ПИЩЕВЫЕ РЫБНЫЕ СУБПРОДУКТЫ ЛОСОСЕВЫХ ДРУГИХ ВИДОВ, МОРОЖЕНЫЕ
A39: =LEFT(B39,4) -> 0304 | B39: 0304991100 | C39: =VLOOKUP(B39,[1]Лист6!A:B,2,FALSE) -> ПРОЧЕЕ ФИЛЕ РЫБНОЕ И ПРОЧЕЕ МЯСО РЫБЫ (ВКЛЮЧАЯ ФАРШ), МОРОЖЕНЫЕ: СУРИМИ
A40: =LEFT(B40,4) -> 0305 | B40: 0305391000 | C40: =VLOOKUP(B40,[1]Лист6!A:B,2,FALSE) -> ПРОЧЕЕ ФИЛЕ ЛОСОСЯ ТИХООКЕАНСКОГО , ЛОСОСЯ АТЛАНТИЧЕСКОГО (SALMO SALAR) И ЛОСОСЯ ДУНАЙСКОГО (HUCHO HUCHO), СОЛЕНОЕ ИЛИ В РАССОЛЕ
B41: 0305399080 | C41: =VLOOKUP(B41,[1]Лист6!A:B,2,FALSE) -> ФИЛЕ РЫБЫ, СУШЕНОЕ, СОЛЕНОЕ ИЛИ В РАССОЛЕ, ПРОЧЕЕ
B42: 0305410000 | C42: =VLOOKUP(B42,[1]Лист6!A:B,2,FALSE) -> ЛОСОСЬ ТИХООКЕАНСКИЙ (ONCORHYNCHUS: NERKA, GJRBUSHA,KETA, TSCHAWYTSCHA, KISUTCH,MASOU,RHODURUS), ЛОСОСЬ АТЛАНТИЧЕСКИЙ (SALMO SALAR) И ЛОСОСЬ ДУНАЙСКИЙ (HUCHO HUCHO), КОПЧЕНЫЙ,ВКЛ.ФИЛЕ,КР.ПИЩ.РЫБНЫХ СУБПРОДУКТОВ
B43: 0305430000 | C43: =VLOOKUP(B43,[1]Лист6!A:B,2,FALSE) -> ФОРЕЛЬ (SALMO TRUTTA, ONCORHYNCHUS MYKISS, ONCORHYNCHUS CLARKI, ONCORHYNCHUS AGUABONITA, ONCORHYNCHUS GILAE, ONCORHYNCHUS APACHE И ONCORHYNUS CHRYSOGASTER), КОПЧЕНАЯ, ВКЛЮЧАЯ ФИЛЕ, КР ПИЩ РЫБН СУБПР
A44: =LEFT(B44,4) -> 0401 | B44: 0401201109 | C44: =VLOOKUP(B44,[1]Лист6!A:B,2,FALSE) -> МОЛОКО И СЛИВКИ НЕСГУЩЕННОЕИ БЕЗ ДОБАВЛ. САХАРА ИЛИ ДР. ПОДСЛАЩИВАЮЩИХ ВЕЩ-В, С СОДЕРЖ.ЖИРА > 1 МАС% ,НО <= 3% ПО МАССЕ, В ПЕРВИЧНЫХ УПАКОВАХ ОБЪЕМОМ НЕТТО НЕ БОЛЕЕ 2Л., ПРОЧИЕ
B45: 0401209109 | C45: =VLOOKUP(B45,[1]Лист6!A:B,2,FALSE) -> МОЛОКО И СЛИВКИ, НЕСГУЩЕННЫЕ И БЕЗ ДОБАВЛЕНИЯ САХАРА ИЛИ ДРУГИХ ПОДСЛАЩИВАЮЩИХ ВЕЩЕСТВ, В ПЕРВИЧНЫХ УПАКОВКАХ НЕТТО-ОБЪЕМОМ НЕ БОЛЕЕ 2 Л, С СОДЕРЖАНИЕМ ЖИРА БОЛЕЕ 3% НО НЕ БОЛЕЕ 6 МАС %, ПРОЧИЕ
A46: =LEFT(B46,4) -> 0402 | B46: 0402101900 | C46: =VLOOKUP(B46,[1]Лист6!A:B,2,FALSE) -> ПРОЧИЕ МОЛОКО И СЛИВКИ СГУЩЕННЫЕ, В ПОРОШКЕ, ГРАНУЛАХ ИЛИ В ДРУГИХ ТВЕРДЫХ ФОРМАХ, СОДЕРЖАНИЕМ ЖИРА НЕ БОЛЕЕ 1,5%, БЕЗ ДОБАВЛЕНИЯ САХАРА, ИЛИ ДРУГИХ ПОДСЛАЩИВАЮЩИХ ВЕЩЕСТВ
B47: 0402211800 | C47: =VLOOKUP(B47,[1]Лист6!A:B,2,FALSE) -> МОЛОКО И СЛИВКИ В ПОРОШКЕ, ГРАНУЛАХ ИЛИ ДР.ТВЕРД.ФОРМАХ, С СОДЕРЖ.ЖИРАБОЛЕЕ 1,5 МАС.%,НО НЕ БОЛЕЕ 27 МАС.%,БЕЗ ДОБАВ. САХАРА ИЛИ ДР.ПОДСЛАЩ.ВЕЩЕСТВ, ПРОЧИЕ
A48: =LEFT(B48,4) -> 0403 | B48: 0403201100 | C48: =VLOOKUP(B48,[1]Лист6!A:B,2,FALSE) -> ЙОГУРТ БЕЗ ИНГРЕДИЕНТОВ, УКАЗАННЫХ В ПРИМЕЧАНИИ 2 К ДАННОЙ ГРУППЕ, С СОДЕРЖАНИЕМ ЖИРА НЕ БОЛЕЕ 3 МАС.%
B49: 0403207100 | C49: =VLOOKUP(B49,[1]Лист6!A:B,2,FALSE) -> ЙОГУРТ СО ВКУСО-АРОМАТИЧЕСКИМИ ДОБАВКАМИ ИЛИ С ДОБАВЛЕНИЕМ ФРУКТОВ, ОРЕХОВ ИЛИ КАКАО, ПРОЧИЙ, С СОДЕРЖАНИЕМ МОЛОЧНОГО ЖИРА НЕ БОЛЕЕ 3 МАС.%
B50: 0403901300 | C50: =VLOOKUP(B50,[1]Лист6!A:B,2,FALSE) -> ПРОЧ.МОЛОЧН.ПРОДУКЦИЯ БЕЗ ВКУСО-АРОМАТИЧЕСКИХ ДОБАВОК И БЕЗ ДОБАВЛЕН.ФРУКТОВ,ОРЕХОВ,КАКАО,В ПОРОШКЕ ИЛИ ДР.ТВЕРД.ФОРМАХ,БЕЗ ДОБАВЛЕН.САХАРА ИЛИ ДР.ПОДСЛАЩ.ВЕЩ-В,С СОДЕРЖ.ЖИРА ОТ 1,5 %, НО НЕ БОЛЕЕ 27%
B51: 0403905900 | C51: =VLOOKUP(B51,[1]Лист6!A:B,2,FALSE) -> ПРОЧАЯ МОЛОЧНАЯ ПРОДУКЦИЯ БЕЗ ВКУСО-АРОМАТИЧ.ДОБАВОК И БЕЗ ДОБАВЛЕНИЯ ФРУКТОВ, ОРЕХОВ ИЛИ КАКАО,БЕЗ ДОБАВЛЕНИЯ САХАРА ИЛИ ДРУГИХ ПОДСЛАЩИВАЮЩИХ ВЕЩЕСТВ, С СОДЕРЖАНИЕМ ЖИРА ПО МАССЕ БОЛЕЕ 6%
B52: 0403909100 | C52: =VLOOKUP(B52,[1]Лист6!A:B,2,FALSE) -> ПРОЧАЯ МОЛОЧНАЯ ПРОДУКЦИЯ С ВКУСО-АРОМАТИЧ. ДОБАВКАМИ ИЛИ С ДОБАЛЕНИЕМ ФРУКТОВ, ОРЕХОВ ИЛИ КАКАО, С СОДЕРЖАНИЕМ МОЛОЧНОГО ЖИРА ПО МАССЕ НЕ БОЛЕЕ 3%
A53: =LEFT(B53,4) -> 0404 | B53: 0404100200 | C53: =VLOOKUP(B53,[1]Лист6!A:B,2,FALSE) -> МОЛОЧН.СЫВОРОТКА ИЛИ ВИДОИЗМЕНЕН.МОЛОЧН.СЫВОРОТКА,В ПОРОШКЕ,ГРАНУЛАХ ИЛИ ДР.ТВЕРД.ФОРМАХ,БЕЗ ДОБАВЛЕН.САХАРА ИЛИ ДР.ПОДСЛАЩ.ВЕЩ-В,С СОДЕРЖ.БЕЛКА(АЗОТА Х 6,38) НЕ БОЛЕЕ 15%, ЖИРА НЕ БОЛЕЕ 1,5%
B54: 0404101400 | C54: =VLOOKUP(B54,[1]Лист6!A:B,2,FALSE) -> МОЛ. СЫВОРОТКА В ПОРОШКЕ, ГРАНУЛАХ ИЛИ В ДР.ТВЕРДЫХ ФОРМАХ, БЕЗ ДОБАВЛ.САХАРА С СОДЕРЖ. БЕЛКА (СОДЕРЖ. АЗОТА Х 6,38) БОЛЕЕ 15% И С СОДЕРЖАНИЕМ ЖИРА БОЛЕЕ 1,5%, НО НЕ БОЛЕЕ 27 МАС.%
B55: 0404902100 | C55: =VLOOKUP(B55,[1]Лист6!A:B,2,FALSE) -> ПРОДУКТЫ ИЗ НАТУРАЛЬНЫХ КОМПОНЕНТОВ МОЛОКА, В ДРУГОМ МЕСТЕ НЕ ПОИМЕНОВАННЫЕ ИЛИ НЕ ВКЛЮЧЕННЫЕ, ПРОЧИЕ: БЕЗ ДОБАВЛЕНИЯ САХАРА ИЛИ ДРУГИХ ПОДСЛАЩИВАЮЩИХ ВЕЩЕСТВ, С СОДЕРЖАНИЕМ ЖИРА НЕ БОЛЕЕ 1,5 МАС.%
B56: 0404908100 | C56: =VLOOKUP(B56,[1]Лист6!A:B,2,FALSE) -> ПРОЧИЕ ПРОДУКТЫ ИЗ НАТУРАЛЬНЫХ КОМПОНЕНТОВ МОЛОКА, С СОДЕРЖАНИЕМ ЖИРА НЕ БОЛЕЕ 1,5 МАС.%
A57: =LEFT(B57,4) -> 0405 | B57: 0405101100 | C57: =VLOOKUP(B57,[1]Лист6!A:B,2,FALSE) -> НАТУРАЛЬНОЕ СЛИВОЧНОЕ МАСЛО С СОДЕРЖАНИЕМ ЖИРА НЕ БОЛЕЕ 85% В ПЕРВИЧНЫХ УПАКОВКАХ НЕТТО-МАССОЙ НЕ БОЛЕЕ 1 КГ
B58: 0405101900 | C58: =VLOOKUP(B58,[1]Лист6!A:B,2,FALSE) -> ПРОЧЕЕ НАТУРАЛЬНОЕ СЛИВОЧНОЕ МАСЛО С СОДЕРЖАНИЕМ ЖИРА НЕ БОЛЕЕ 85%, В ПРОЧЕЙ УПАКОВКЕ
B59: 0405109000 | C59: =VLOOKUP(B59,[1]Лист6!A:B,2,FALSE) -> ПРОЧЕЕ СЛИВОЧНОЕ МАЛО
B60: 0405203000 | C60: =VLOOKUP(B60,[1]Лист6!A:B,2,FALSE) -> МОЛОЧНЫЕ ПАСТЫ С СОДЕРЖАНИЕМ ЖИРА БОЛЕЕ 60%, НО МЕНЕЕ 75%
B61: 0405901000 | C61: =VLOOKUP(B61,[1]Лист6!A:B,2,FALSE) -> ПРОЧИЕ МОЛОЧНЫЕ ЖИРЫ C СОДЕРЖАНИЕМ ЖИРА БОЛЕЕ 99,3% И С СОДЕРЖАНИЕМ ВОДЫ НЕ БОЛЕЕ 0,5%
A62: =LEFT(B62,4) -> 0406 | B62: 0406105002 | C62: =VLOOKUP(B62,[1]Лист6!A:B,2,FALSE) -> ПРОЧИЙ ТВОРОГ С СОДЕРЖАНИЕМ ЖИРА НЕ БОЛЕЕ 40 МАС.%
B63: 0406105009 | C63: =VLOOKUP(B63,[1]Лист6!A:B,2,FALSE) -> ПРОЧИЕ МОЛОДЫЕ СЫРЫ (НЕДОЗРЕЛЫЕ ИЛИ НЕВЫДЕРЖАННЫЕ), ВКЛЮЧАЯ СЫВОРОТОЧНО-АЛЬБУМИНОВЫЕ СЫРЫ, И ТВОРОГ, С СОДЕРЖАНИЕМ ЖИРА НЕ БОЛЕЕ 40 МАС.%
B64: 0406108000 | C64: =VLOOKUP(B64,[1]Лист6!A:B,2,FALSE) -> ПРОЧИЕ МОЛОДЫЕ СЫРЫ (НЕДОЗРЕЛЫЕ ИЛИ НЕВЫДЕРЖАННЫЕ), ВКЛЮЧАЯ СЫВОРОТОЧНО-АЛЬБУМИНОВЫЕ СЫРЫ И ТВОРОГ
B65: 0406200000 | C65: =VLOOKUP(B65,[1]Лист6!A:B,2,FALSE) -> ТЕРТЫЕ СЫРЫ ИЛИ СЫРЫ В ПОРОШКЕ, ВСЕХ ВИДОВ
B66: 0406303100 | C66: =VLOOKUP(B66,[1]Лист6!A:B,2,FALSE) -> ПРОЧИЕ ПЛАВЛЕННЫЕ СЫРЫ С СОДЕРЖАНИЕМ ЖИРА НЕ БОЛЕЕ 36% ПРИ СОДЕРЖАНИИ ЕГО В СУХОМ ВЕЩЕСТВЕ НЕ БОЛЕЕ 48 МАС.%
B67: 0406303900 | C67: =VLOOKUP(B67,[1]Лист6!A:B,2,FALSE) -> ПРОЧИЕ ПЛАВЛЕННЫЕ СЫРЫ С СОДЕРЖАНИЕМ ЖИРА НЕ БОЛЕЕ 36% ПРИ СОДЕРЖАНИИ ЕГО В СУХОМ ВЕЩЕСТВЕ БОЛЕЕ 48 МАС.%
B68: 0406900100 | C68: =VLOOKUP(B68,[1]Лист6!A:B,2,FALSE) -> ПРОЧИЕ СЫРЫ ДЛЯ ПРОИЗВОДСТВА ПЛАВЛЕНЫХ СЫРОВ
B69: 0406903209 | C69: =VLOOKUP(B69,[1]Лист6!A:B,2,FALSE) -> СЫРЫ ПРОЧИЕ, ФЕТА, ПРОЧИЕ
B70: 0406908600 | C70: =VLOOKUP(B70,[1]Лист6!A:B,2,FALSE) -> ПРОЧИЕ СЫРЫ С СОДЕРЖАНИЕМ ЖИРА НЕ БОЛЕЕ 40МАС.% И С СОДЕРЖАНИЕМ ВЛАГИ В ОБЕЗЖИРЕННОМ ВЕЩЕСТВЕ БОЛЕЕ 47МАС.%, НО НЕ БОЛЕЕ 52МАС.%
B71: 0406908900 | C71: =VLOOKUP(B71,[1]Лист6!A:B,2,FALSE) -> ПРОЧИЕ СЫРЫ С СОДЕРЖАНИЕМ ВЛАГИ В ОБЕЗЖИРЕННОМ ВЕЩЕСТВЕ БОЛЕЕ 52 МАС.%, НО НЕ БОЛЕЕ 62 МАС.%
B72: 0406909909 | C72: =VLOOKUP(B72,[1]Лист6!A:B,2,FALSE) -> СЫРЫ ПРОЧИЕ, ПРОЧИЕ
A73: =LEFT(B73,4) -> 0407 | B73: 0407110000 | C73: =VLOOKUP(B73,[1]Лист6!A:B,2,FALSE) -> ЯЙЦА КУР ДОМАШНИХ (GALLUS DOMESTICUS)6), ОПЛОДОТВОРЕННЫЕ ДЛЯ ИНКУБАЦИИ
B74: 0407210000 | C74: =VLOOKUP(B74,[1]Лист6!A:B,2,FALSE) -> ЯЙЦА КУР ДОМАШНИХ (GALLUS DOMESTICUS), СВЕЖИЕ
A75: =LEFT(B75,4) -> 0504 | B75: 0504000000 | C75: =VLOOKUP(B75,[1]Лист6!A:B,2,FALSE) -> КИШКИ, ПУЗЫРИ И ЖЕЛУДКИ ЖИВОТНЫХ (КРОМЕ РЫБЬИХ), ЦЕЛЫЕ ИЛИ В КУСКАХ, СВЕЖИЕ , ОХЛАЖДЕННЫЕ, МОРОЖЕНЫЕ, СОЛЕНЫЕ,В РАССОЛЕ,СУШЕННЫЕ ИЛИ КОПЧЕННЫЕ
A76: =LEFT(B76,4) -> 0505 | B76: 0505109000 | C76: =VLOOKUP(B76,[1]Лист6!A:B,2,FALSE) -> ПРОЧИЕ ПЕРЬЯ ПТИЦ И ПУХ, ИСПОЛЬЗУЕМЫЕ ДЛЯ НАБИВКИ
A77: =LEFT(B77,4) -> 0511 | B77: 0511911000 | C77: =VLOOKUP(B77,[1]Лист6!A:B,2,FALSE) -> ОТХОДЫ РЫБНЫЕ
B78: 0511998599 | C78: =VLOOKUP(B78,[1]Лист6!A:B,2,FALSE) -> ПРОЧИЕ ПРОДУКТЫ ЖИВОТНОГО ПРОИСХОЖДЕНИЯ, В ДРУГОМ МЕСТЕ НЕ ПОИМЕНОВАННЫЕ ИЛИ НЕ ВКЛЮЧЕННЫЕ; ПАВШИЕ ЖИВОТНЫЕ ГРУППЫ 01 ИЛИ 03, НЕПРИГОДНЫЕ ДЛЯ УПОТРЕБЛЕНИЯ В ПИЩУ
A79: =LEFT(B79,4) -> 0602 | B79: 0602109000 | C79: =VLOOKUP(B79,[1]Лист6!A:B,2,FALSE) -> ПРОЧИЕ ЖИВЫЕ НЕУКОРЕННЫЕ ЧЕРЕНКИ И ОТВОДКИ, ЖИВЫХ РАСТЕНИЙ, КРОМЕ ВИНОГРАДА
B80: 0602208000 | C80: =VLOOKUP(B80,[1]Лист6!A:B,2,FALSE) -> ПРОЧИЕ ДЕРЕВЬЯ, КУСТАРНИКИ И КУСТАРНИЧКИ, ПРИВИТЫЕ ИЛИ НЕПРИВИТЫЕ, ПРИНОСЯЩИЕ СЪЕДОБНЫЕ ПЛОДЫ ИЛИ ОРЕХИ
B81: 0602300000 | C81: =VLOOKUP(B81,[1]Лист6!A:B,2,FALSE) -> РОДОДЕНДРОНЫ И АЗАЛИИ, ПРИВИТЫЕ ИЛИ НЕПРИВИТЫЕ
B82: 0602904100 | C82: =VLOOKUP(B82,[1]Лист6!A:B,2,FALSE) -> ЛЕСНЫЕ ДЕРЕВЬЯ
B83: 0602904700 | C83: =VLOOKUP(B83,[1]Лист6!A:B,2,FALSE) -> ПРОЧИЕ ХВОЙНЫЕ И ВЕЧНОЗЕЛЕНЫЕ ДЕРЕВЬЯ, КУСТАРНИКИ И КУСТАРНИЧКИ ДЛЯ ОТКРЫТОГО ГРУНТА
B84: 0602904800 | C84: =VLOOKUP(B84,[1]Лист6!A:B,2,FALSE) -> ПРОЧИЕ ДЕРЕВЬЯ, КУСТАРНИКИ И КУСТАРНИЧКИ ДЛЯ ОТКРЫТОГО ГРУНТА, ПРОЧИЕ
A85: =LEFT(B85,4) -> 0603 | B85: 0603197000 | C85: =VLOOKUP(B85,[1]Лист6!A:B,2,FALSE) -> ПРОЧИЕ СВЕЖИЕ СРЕЗАННЫЕ ЦВЕТЫ И БУТОНЫ, ПРИГОДНЫЕ ДЛЯ СОСТАВЛЕНИЯ БУКЕТОВ, ПРОЧИЕ
A86: =LEFT(B86,4) -> 0604 | B86: 0604909100 | C86: =VLOOKUP(B86,[1]Лист6!A:B,2,FALSE) -> ЛИСТЬЯ, ВЕТКИ И ДРУГИЕ ЧАСТИ РАСТЕНИЙ БЕЗ ЦВЕТКОВ ИЛИ БУТОНОВ, ТРАВЫ, МХИ И ЛИШАЙНИКИ, ПРИГОДНЫЕ ДЛЯ СОСТАВЛЕНИЯ БУКЕТОВ ИЛИ ДЛЯ ДЕКОРАТИВНЫХ ЦЕЛЕЙ, ПРОЧИЕ, ЗАСУШЕННЫЕ, БЕЗ ДАЛЬНЕЙШЕЙ ОБРАБОТКИ
A87: =LEFT(B87,4) -> 0701 | B87: 0701909000 | C87: =VLOOKUP(B87,[1]Лист6!A:B,2,FALSE) -> ПРОЧИЙ КАРТОФЕЛЬ, СВЕЖИЙ ИЛИ ОХЛАЖДЕННЫЙ
A88: =LEFT(B88,4) -> 0702 | B88: 0702000001 | C88: =VLOOKUP(B88,[1]Лист6!A:B,2,FALSE) -> ТОМАТЫ СВЕЖИЕ ИЛИ ОХЛАЖДЕННЫЕ, С 1 ЯНВАРЯ ПО 31 МАРТА
B89: 0702000002 | C89: =VLOOKUP(B89,[1]Лист6!A:B,2,FALSE) -> ТОМАТЫ СВЕЖИЕ ИЛИ ОХЛАЖДЕННЫЕ, С 1 АПРЕЛЯ ПО 30 АПРЕЛЯ
B90: 0702000004 | C90: =VLOOKUP(B90,[1]Лист6!A:B,2,FALSE) -> ТОМАТЫ СВЕЖИЕ ИЛИ ОХЛАЖДЕННЫЕ, С 15 МАЯ ПО 31 МАЯ
B91: 0702000005 | C91: =VLOOKUP(B91,[1]Лист6!A:B,2,FALSE) -> ТОМАТЫ СВЕЖИЕ ИЛИ ОХЛАЖДЕННЫЕ, С 1 ИЮНЯ ПО 30 СЕНТЯБРЯ
A92: =LEFT(B92,4) -> 0704 | B92: 0704901001 | C92: =VLOOKUP(B92,[1]Лист6!A:B,2,FALSE) -> БЕЛОКОЧАННАЯ КАПУСТА
A93: =LEFT(B93,4) -> 0706 | B93: 0706100001 | C93: =VLOOKUP(B93,[1]Лист6!A:B,2,FALSE) -> МОРКОВЬ СВЕЖАЯ ИЛИ ОХЛАЖДЕННАЯ
B94: 0706909001 | C94: =VLOOKUP(B94,[1]Лист6!A:B,2,FALSE) -> СВЕКЛА СТОЛОВАЯ
A95: =LEFT(B95,4) -> 0707 | B95: 0707000502 | C95: =VLOOKUP(B95,[1]Лист6!A:B,2,FALSE) -> ОГУРЦЫ СВЕЖИЕ ИЛИ ОХЛАЖДЕННЫЕ, С 1 МАРТА ПО 30 АПРЕЛЯ
B96: 0707000504 | C96: =VLOOKUP(B96,[1]Лист6!A:B,2,FALSE) -> ОГУРЦЫ СВЕЖИЕ ИЛИ ОХЛАЖДЕННЫЕ, С 16 МАЯ ПО 30 СЕНТЯБРЯ
A97: =LEFT(B97,4) -> 0709 | B97: 0709510000 | C97: =VLOOKUP(B97,[1]Лист6!A:B,2,FALSE) -> ГРИБЫ РОДА AGARICUS
B98: 0709530000 | C98: =VLOOKUP(B98,[1]Лист6!A:B,2,FALSE) -> ГРИБЫ РОДА CANTHARELLUS
B99: 0709931000 | C99: =VLOOKUP(B99,[1]Лист6!A:B,2,FALSE) -> КАБАЧКИ, СВЕЖИЕ ИЛИ ОХЛАЖДЕННЫЕ
A100: =LEFT(B100,4) -> 0710 | B100: 0710100000 | C100: =VLOOKUP(B100,[1]Лист6!A:B,2,FALSE) -> КАРТОФЕЛЬ СЫРОЙ ИЛИ ВАРЕНЫЙ В ВОДЕ ИЛИ НА ПАРУ, МОРОЖЕНЫЙ
...
